 Dungeon Crawl Stone Soup version 0.32-a0-779-g362cfcae2a (webtiles) character file.

Game seed: 7865730476273386530

5926 Malificent the Arsonist (level 10, -7/58 HPs)
             Began as a Tengu Fire Elementalist on Mar 19, 2024.
             Was an Initiate of Vehumet.
             Killed by divine providence
             ... invoked by an orc priest
              (14 damage)
             ... on level 9 of the Dungeon.
             The game lasted 00:51:27 (8782 turns).

Malificent the Arsonist (Tengu Fire Elementalist)   Turns: 8782, Time: 00:51:28

Health: -7/58      AC:  7    Str:  9    XL:     10   Next: 83%
Magic:  12/23      EV: 31    Int: 21    God:    Vehumet [......]
Gold:   372        SH:  0    Dex: 15    Spells: 5/25 levels left

rFire   + . .        l - +1 long sword (elec)
rCold   x . .        (no shield)
rNeg    + . .        j - +1 robe of Altruism {rN+ Will+ Int+2}
rPois   .            c - +2 hat
rElec   .            i - +0 cloak
rCorr   .            k - +0 pair of gloves
SInv    +            (boots unavailable)
Will    +....        w - amulet of magic regeneration
Stlth   ++           o - ring of fire
HPRegen 0.29/turn    u - ring of see invisible
MPRegen 0.58/turn

%: acrobat
@: acrobatic, flying
A: beak, talons 3, evasive flight, acrobatic
a: Renounce Religion


You were on level 9 of the Dungeon.
You worshipped Vehumet.
Vehumet was noncommittal.
You visited 2 branches of the dungeon, and saw 10 of its levels.

You collected 493 gold pieces.
You spent 121 gold pieces at shops.

Inventory:

Hand Weapons
 l - a +1 long sword of electrocution (weapon)
 n - a +0 dagger of venom
 s - a +1 short sword of speed
 y - a +0 orcbow
Armour
 c - a +2 hat (worn)
 i - a +0 cloak (worn)
 j - the +1 robe of Altruism (worn) {rN+ Will+ Int+2}
   (You found it on level 3 of the Dungeon)

   Int+2:     It affects your intelligence (+2).
   rN+:       It protects you from negative energy.
   Will+:     It increases your willpower.
 k - a +0 pair of gloves (worn)
 z - a +0 buckler
Jewellery
 g - an amulet of reflection
 o - a ring of fire (left hand)
 u - a ring of see invisible (right hand)
 w - an amulet of magic regeneration (around neck)
 E - the amulet of Elemental Vulnerability {rPois rF-- rC-- AC+8}
   (You found it on level 8 of the Dungeon)

   [amulet of nothing]

   AC+8:      It affects your AC (+8).
   rF--:      It makes you very vulnerable to fire.
   rC--:      It makes you very vulnerable to cold.
   rPois:     It protects you from poison.
Wands
 m - a wand of flame (54)
 x - a wand of acid (7)
 B - a wand of paralysis (8)
Scrolls
 d - a scroll of identify
 p - a scroll of teleportation
 A - a scroll of immolation
 C - a scroll of revelation
 D - a scroll of fog
 I - a scroll of silence
 J - a scroll of butterflies
Potions
 a - 2 potions of ambrosia
 b - 3 potions of magic
 e - 2 potions of attraction
 f - 5 potions of curing
 h - 4 potions of heal wounds
 q - a potion of berserk rage
 r - a potion of haste
 v - 2 potions of might
 G - 2 potions of brilliance
 H - a potion of invisibility


   Skills:
 * Level 4.8 Fighting
 + Level 1.0 Long Blades
 + Level 3.6 Dodging
 + Level 2.5 Stealth
 + Level 1.0 Unarmed Combat
 * Level 8.3 Spellcasting
 * Level 6.1 Conjurations
 * Level 10.7 Fire Magic
 * Level 4.3 Air Magic
 * Level 3.5 Alchemy


You had 5 spell levels left.
You knew the following spells:

 Your Spells              Type           Power      Damage    Failure   Level
a - Foxfire               Conj/Fire      100%       2x1d9     1%          1
b - Scorch                Fire           100%       2d9       1%          2
c - Flame Wave            Conj/Fire      61%        2d14      2%          4
d - Ignite Poison         Fire/Alch      55%        N/A       4%          4
e - Arcjolt               Conj/Air       15%        1d25      24%         5
f - Sticky Flame          Fire/Alch      55%        2d10      4%          4

Your spell library contained the following spells:

 Spells                   Type           Power      Damage    Failure   Level
 Sting                    Conj/Alch      100%       1d9       1%          1
 Mercury Vapours          Alch/Air       50%        N/A       2%          2
 Inner Flame              Hex/Fire       47%        N/A       2%          3
 Volatile Blastmotes      Fire/Tloc      94%        2d17      2%          3
 Swiftness                Air            27%        N/A       3%          3
 Ensorcelled Hibernation  Hex/Ice        16%        N/A       12%         2
 Olgreb's Toxic Radiance  Alch           23%        N/A       17%         4
 Iskenderun's Battlesphe  Conj           34%        2d9       17%         5
 Frozen Ramparts          Ice            16%        1d3       22%         3
 Ozocubu's Armour         Ice            8%         N/A       22%         3
 Passwall                 Erth           8%         N/A       22%         3
 Vhi's Electric Charge    Tloc/Air       34%        N/A       30%         4
 Anguish                  Hex/Necr       4%         N/A       58%         4
 Cause Fear               Hex            4%         N/A       58%         4
 Metabolic Englaciation   Hex/Ice        4%         N/A       91%         5
 Plasma Beam              Fire/Air       28%        2x1d41    45%         6
 Bombard                  Conj/Erth      10%        9d3       98%         6
 Ignition                 Fire           34%        3d11      99%         8
 Enfeeble                 Hex            4%         N/A       100%        7
 Spellforged Servitor     Conj/Summ      10%        N/A       100%        7


Dungeon Overview and Level Annotations

Branches:
Dungeon (9/15)             Temple (1/1) D:4
   Lair: D:8-11         Orc: D:9-12

Altars:
Ashenzari
Dithmenos
Fedhas
Gozag
Hepliaklqana
Kikubaaqudgha
Nemelex Xobeh
Okawaru
Qazlal
Ru
Sif Muna
Trog
Uskayaw
Vehumet
Wu Jian
Xom
Yredelemnul
Zin

Shops:
D:3 ?


Innate Abilities, Weirdness & Mutations

You have a beak for a mouth.
You have claws for feet.
Your magical flight helps you evade attacks. (EV +4)
You can magically evade attacks while moving or waiting.


Message History

You feel a surge of power!
Flames lash the orc warrior but do no damage.
The orc warrior hits you with a +0 glaive!
An orc priest comes into view. It is wielding a +0 club.
The orc priest begins to cast a cantrip, but forgets the words!
Casting: Scorch (safe; 1% risk of failure)
Confirm with . or Enter, or press ? or * to list all spells.
You feel a surge of power!
Flames lash the orc warrior.
The orc warrior is burned terribly!
The orc warrior is heavily wounded.
The orc warrior closely misses you.
The orc priest casts a cantrip, but nothing happens.
Casting: Scorch (safe; 1% risk of failure)
Confirm with . or Enter, or press ? or * to list all spells.
You feel a surge of power!
Flames lash the orc warrior.
The orc warrior is burned terribly!
The orc warrior is severely wounded.
The orc warrior barely misses you.
The orc priest invokes the aid of Beogh against you.
Beogh smites you!
* * * LOW HITPOINT WARNING * * *
Casting: Scorch (safe; 1% risk of failure)
Confirm with . or Enter, or press ? or * to list all spells.
You feel a surge of power!
Flames lash the orc warrior.
The orc warrior is burned terribly!
The orc warrior is almost dead.
The orc warrior barely misses you.
Casting: Scorch (safe; 1% risk of failure)
Confirm with . or Enter, or press ? or * to list all spells.
You feel a surge of power!
Flames lash the orc warrior.
The orc warrior is burned terribly!
You kill the orc warrior!
Vehumet accepts your kill.
The orc priest invokes the aid of Beogh against you.
Beogh smites you!
* * * LOW HITPOINT WARNING * * *
You feel your dexterity returning.
The orc priest calls down the wrath of Beogh upon you.
Beogh smites you!
You die...

..
#####################.#.#.
#..
................@.))o.o.##
##..
#####..##############.#...
.... #..# .... #..# ....
#..####################
....
####......................
....
...........................
....
...................########
### ##..##############.#


You could see 2 orc priests.

Vanquished Creatures
  2 two-headed ogres
  2 kobold demonologists (D:8)
  Sigmund (D:3)
  A wyvern (D:9)
  Eustachio (D:5)
  A steam dragon (D:7)
  2 water moccasins
  An orc warrior (D:9)
  5 sky beasts
  4 black bears
  2 ice beasts (D:7)
  3 phantoms
  4 centaurs
  A gnoll sergeant (D:8)
  7 bullfrogs
  2 scorpions
  5 howler monkeys
  2 jellies
  3 bombardier beetles
  Crazy Yiuf (D:5)
  2 gnoll boudas
  4 orc priests
  A sleepcap (D:7)
  Ijyb (D:3)
  3 orc wizards
  4 iguanas
  Robin (D:3)
  18 gnolls
  11 adders
  3 shadow imps
  3 white imps
  4 ufetubi
  A dart slug (D:1)
  2 ribbon worms
  23 orcs
  7 endoplasms
  3 giant cockroaches
  14 goblins
  7 hobgoblins
  4 jackals
  A quokka (D:4)
  8 ball pythons
  8 bats
  5 frilled lizards
  14 kobolds
  A rat (D:1)
  A butterfly (D:4)
204 creatures vanquished.

Vanquished Creatures (others)
  217 foxfires
217 creatures vanquished.

Grand Total: 421 creatures vanquished

Notes
Turn   | Place    | Note
-------+----------+-------------------------------------------
     0 | D:1      | Malificent the Tengu Fire Elementalist began the quest for
                  | the Orb.
     0 | D:1      | Reached XP level 1. HP: 10/10 MP: 4/4
   142 | D:1      | Reached XP level 2. HP: 13/15 MP: 3/6
   171 | D:1      | Learned a level 2 spell: Scorch
   387 | D:1      | Upgraded the game from 0.32-a0-768-g0f6f1dd4b9 to
                  | 0.32-a0-779-g362cfcae2a
   782 | D:1      | Reached XP level 3. HP: 19/19 MP: 7/7
   909 | D:2      | Reached skill level 4 in Fire Magic
  1113 | D:2      | Found a faded altar of an unknown god.
  1566 | D:3      | Reached XP level 4. HP: 24/24 MP: 4/8
  1603 | D:3      | Noticed a black bear
  1662 | D:3      | Killed a black bear
  1663 | D:3      | Reached skill level 1 in Unarmed Combat
  1663 | D:3      | Reached skill level 5 in Fire Magic
  1663 | D:3      | Reached XP level 5. HP: 10/28 MP: 0/10
  1844 | D:3      | Noticed Robin
  1859 | D:3      | Killed Robin
  1871 | D:3      | Identified the +1 robe of Altruism {rN+ Will+ Int+2}
  2067 | D:3      | Noticed Sigmund
  2069 | D:3      | Noticed Ijyb
  2072 | D:3      | Killed Sigmund
  2073 | D:3      | Reached skill level 1 in Fighting
  2073 | D:3      | Reached XP level 6. HP: 15/34 MP: 3/13
  2154 | D:3      | Killed Ijyb
  2398 | D:3      | Found Miangal's Magic Scroll Shoppe.
  2401 | D:3      | Bought a scroll of teleportation for 33 gold pieces
  2401 | D:3      | Bought a scroll of identify for 22 gold pieces
  2401 | D:3      | Bought a scroll of identify for 22 gold pieces
  2401 | D:3      | Bought a scroll of identify for 22 gold pieces
  2401 | D:3      | Bought a scroll of identify for 22 gold pieces
  2481 | D:3      | Reached skill level 6 in Fire Magic
  2481 | D:3      | Gained mutation: Your magical flight helps you evade
                  | attacks. (EV +4) [Tengu growth]
  2481 | D:3      | Reached XP level 7. HP: 35/38 MP: 6/14
  2606 | D:3      | Learned a level 4 spell: Flame Wave
  2611 | D:3      | Learned a level 4 spell: Ignite Poison
  3277 | D:4      | Found a staircase to the Ecumenical Temple.
  3324 | Temple   | Entered the Ecumenical Temple
  3657 | D:5      | Entered Level 5 of the Dungeon
  3878 | D:5      | Reached skill level 7 in Fire Magic
  3878 | D:5      | Reached XP level 8. HP: 35/44 MP: 9/16
  4017 | D:5      | Learned a level 5 spell: Arcjolt
  4064 | D:5      | Noticed Eustachio
  4067 | D:5      | Killed Eustachio
  4068 | D:5      | Reached skill level 5 in Spellcasting
  4068 | D:5      | Reached skill level 1 in Alchemy
  4657 | D:5      | Found a runed translucent door.
  4658 | D:5      | Noticed Crazy Yiuf
  4667 | D:5      | Killed Crazy Yiuf
  4857 | D:6      | Reached skill level 8 in Fire Magic
  5249 | D:6      | Reached XP level 9. HP: 52/52 MP: 12/18
  5261 | D:6      | Reached skill level 1 in Air Magic
  5274 | D:6      | Learned a level 4 spell: Sticky Flame
  6086 | D:7      | Reached skill level 1 in Long Blades
  6148 | D:7      | Found a sacrificial altar of Ru.
  6216 | D:7      | Reached skill level 9 in Fire Magic
  6276 | D:7      | Found a shimmering altar of Xom.
  6277 | D:7      | Found a hazy altar of Hepliaklqana.
  6277 | D:7      | Noticed a caustic shrike
  6278 | D:7      | Noticed a spectral ugly thing
  6278 | D:7      | Noticed a caustic shrike
  6426 | D:7      | Found a sparkling altar of Nemelex Xobeh.
  6589 | D:7      | Reached skill level 5 in Conjurations
  6630 | D:7      | Found a bloodstained altar of Trog.
  6634 | D:7      | Reached XP level 10. HP: 53/57 MP: 17/22
  6634 | D:7      | Noticed a two-headed ogre
  6639 | D:7      | Killed a two-headed ogre
  6691 | D:7      | Found an ancient bone altar of Kikubaaqudgha.
  6781 | D:7      | Found a shimmering blue altar of Sif Muna.
  6899 | Temple   | Became a worshipper of Vehumet
  7111 | D:8      | Reached skill level 10 in Fire Magic
  7266 | D:8      | Noticed a kobold demonologist
  7271 | D:8      | Noticed a kobold demonologist
  7286 | D:8      | Noticed an orange demon
  7295 | D:8      | Noticed a soul eater
  7302 | D:8      | Killed a kobold demonologist
  7317 | D:8      | Killed a kobold demonologist
  7491 | D:8      | Found the amulet of Elemental Vulnerability {rPois rF--
                  | rC-- AC+8}
  8301 | D:9      | Noticed a two-headed ogre
  8308 | D:9      | HP: 2/58 [two-headed ogre/+0 giant club (16)]
  8310 | D:9      | Killed a two-headed ogre
  8547 | D:9      | Identified the +6 whip "Wyxkaq" {antimagic, Dex+2}
  8782 | D:9      | Killed from afar by an orc priest

Illustrated notes

Levels and vault maps discovered:
D:1:      lightli_iron_boxes, layout_loops_ring, chequers_garden
D:2:      layout_basic, shapermc_ecumenical_altar_mp_urbaneastern,
          grunt_ministairs_1
D:3:      layout_loops_ring, serial_shops, nicolae_shop_rolled_up,
          dk_noncrumbling_3, minmay_starry_boxes, uniq_ijyb, uniq_sigmund,
          uniq_robin
D:4:      layout_rooms, minmay_temple_entry_butterflies
D:5:      kennysheep_big_flooded_room, layout_loops_ring, hex_medium,
          uniq_eustachio, uniq_crazy_yiuf_cottage
D:6:      layout_basic
D:7:      layout_rooms, regret_index_temple_of_mockery, pf_just_have_faith,
          lemuel_blue_sif_altar, general_overflow_altar, jmf_multi_god_temple2,
          minmay_circle_x
D:8:      layout_basic
D:9:      layout_long_grid, amcnicky_altar_gilded, nicolae_tso_carved_into_rock
Temple:   chequers_temple_sunken

Skill      XL: |  1  2  3  4  5  6  7  8  9 10 |
---------------+-------------------------------+-----
Fire Magic     | 4 5 6 7 8 9 10 | 10.7
Conjurations   | 2 3 4 5 6 |  6.1
Unarmed Combat | 1 |  1.0
Spellcasting   | 3 4 5 7 8 |  8.3
Fighting       | 1 2 3 4 |  4.8
Alchemy        | 1 3 |  3.5
Air Magic      | 2 4 |  4.3
Long Blades    | 1 |  1.0
Dodging        | 3 |  3.6
Stealth        | |  2.5

Action                     |  1- 3 |  4- 6 |  7- 9 | 10-12 || total
---------------------------+-------+-------+-------+-------++-------
  Melee: Unarmed           |    71 |    10 |       |       ||    81
         Kick              |    26 |     6 |    14 |     1 ||    47
         Peck              |     9 |     5 |     8 |     1 ||    23
         Punch             |     1 |     1 |       |       ||     2
         Falchion          |       |    11 |       |       ||    11
         Dagger            |       |     4 |    20 |       ||    24
         Long sword        |       |       |    34 |     7 ||    41
   Cast: Foxfire           |    26 |    13 |    63 |    41 ||   143
         Scorch            |     5 |    33 |   130 |    55 ||   223
    Use: Scroll            |     5 |     2 |    10 |     5 ||    22
   Stab: Sleeping          |       |       |     2 |       ||     2
 Armour: Robe              |    34 |    29 |    62 |    59 ||   184
  Dodge: Dodged            |    69 |    39 |   153 |   128 ||   389

Table legend: (Time is in decaauts)
 A = Elapsed time spent in this place.
 B = Non-inter-level travel time spent in this place.
 C = Inter-level travel time spent in this place.
 D = Time resting spent in this place.
 E = Time spent auto-exploring this place.
 F = Levels seen in this place.
 G = Mean time per level.
                   A        B        C        D        E       F      G
               +--------+--------+--------+--------+--------+-----+--------+
         Total |   8804 |   8268 |    536 |   1970 |   3962 |  10 |  880.4 |
       Dungeon |   8713 |   8230 |    483 |   1970 |   3962 |   9 |  968.1 |
        Temple |     91 |     39 |     52 |      0 |      0 |   1 |   91.0 |
               +--------+--------+--------+--------+--------+-----+--------+

Top non-repeatable levels by time:
     D:6: 1398 daAuts
     D:3: 1354 daAuts
     D:8: 1293 daAuts
     D:5: 1047 daAuts
     D:1: 877 daAuts
     D:7: 848 daAuts
     D:2: 829 daAuts
     D:4: 664 daAuts
     D:9: 399 daAuts
  Temple: 91 daAuts
